 Dungeon Crawl Stone Soup version 0.29.1 (webtiles) character file.

Game seed: 14153462603828350193

4692 qw the Cleaver (level 10, -2/129 HPs)
             Began as a Minotaur Berserker on Sept 13, 2022.
             Was a Priest of Trog.
             Slain by a troll (9 damage)
             ... on level 8 of the Dungeon.
             The game lasted 00:02:51 (9625 turns).

qw the Cleaver (Minotaur Berserker)                 Turns: 9625, Time: 00:02:52

Health: -2/129     AC: 13    Str: 27    XL:     10   Next: 21%
Magic:  9/9        EV:  6    Int:  4    God:    Trog [***...]
Gold:   710        SH: 10    Dex:  9    Spells: 9/9 levels left

rFire   . . .      SeeInvis +   Y - +2 war axe (venom)
rCold   + . .      Faith    .   h - +0 kite shield
rNeg    . . .      Spirit   .   r - +0 plate armour
rPois   .          Reflect  .   n - +1 hat
rElec   .          Harm     .   (no cloak)
rCorr   .          Rampage  .   (no gloves)
Will    .....                   (no boots)
Stlth   ..........              (no amulet)
HPRegen 0.31/turn               k - ring of protection from cold
MPRegen 0.11/turn               j - ring of see invisible

@: berserking, very quick
A: horns 2, retaliatory headbutt
a: Renounce Religion, Berserk, Trog's Hand


You were on level 8 of the Dungeon.
You worshipped Trog.
Trog was most pleased with you.
You visited 1 branch of the dungeon, and saw 8 of its levels.
You also visited: Ossuary.

You collected 866 gold pieces.
You spent 156 gold pieces at shops.


Innate Abilities, Weirdness & Mutations

You have a pair of horns on your head.
You reflexively headbutt those who attack you in melee.


   Skills:
 - Level 7.3 Fighting
 + Level 12.8 Axes
 - Level 2.1 Throwing
 - Level 6.4 Armour
 - Level 2.1 Dodging
 - Level 9.1 Shields


You had 9 spell levels left.
You didn't know any spells.
Your spell library was empty.

Inventory:

Hand Weapons
 b - the +4 flail of the Forsaken Wishes {venom, Fly rC+ Str-2 Stlth+}
   (You found it on level 2 of the Dungeon)

   It poisons the flesh of those it strikes.
   Str:       It affects your strength (-2).
   rC:        It protects you from cold.
   Fly:       It grants you flight.
   Stlth:     It makes you more stealthy.
 Y - a +2 war axe of venom (weapon)
Armour
 h - a +0 kite shield (worn)
 n - a +1 hat (worn)
 r - a +0 plate armour (worn)
Jewellery
 j - a ring of see invisible (right hand)
 k - a ring of protection from cold (left hand)
Scrolls
 g - a scroll of identify
 q - 3 scrolls of teleportation
Potions
 a - a potion of mutation
 e - a potion of heal wounds
 f - 9 potions of curing
 l - a potion of haste
 m - a potion of cancellation {unknown}
 o - 2 potions of might
 p - a potion of magic {unknown}

Dungeon Overview and Level Annotations

Branches:
Dungeon (8/15)             Temple (0/1) D:5         Ossuary (visited)
   Lair: D:8-11

Altars:
Dithmenos
Xom

Shops:
D:5 !

Annotations:
D:3 2 transporters, qw's ghost, amateur MiBe
D:7 1 runed translucent door, Crazy Yiuf


Message History

The wolf bites you but does no damage.
You slash the wolf!
The wolf looks as sick as possible!
You headbutt the wolf!
You feel the power of Trog in you as your rage grows.
You kill the wolf!
Trog accepts your kill.
You miss the electric eel.
The electric eel shoots out a bolt of lightning at you!
The bolt of electricity hits you!
You closely miss the electric eel.
The electric eel shoots out a bolt of lightning at you!
The bolt of electricity misses you.
The electric eel shoots out a bolt of lightning at you!
The bolt of electricity misses you.
You miss the electric eel. You hit the electric eel.
The electric eel is poisoned.
Your headbutt misses the electric eel.
The electric eel is moderately wounded.
You completely miss the electric eel.
The electric eel is heavily wounded.
You slice the necrophage!!
The electric eel shoots out a bolt of lightning at you!
The bolt of electricity hits you.
The electric eel shoots out a bolt of lightning at you!
The bolt of electricity hits you.
You barely miss the necrophage.
The necrophage is severely damaged.
You slash the troll! You hit the electric eel.
The electric eel looks as sick as possible!
The necrophage barely misses you. You furiously retaliate!
You headbutt the necrophage. You closely miss the necrophage.
The necrophage is almost destroyed.
You hit the electric eel.
You kill the electric eel!
Trog accepts your kill.
You slash the troll!
The troll looks as sick as possible!
The electric eel shoots out a bolt of lightning at you!
The bolt of electricity hits you. The troll completely misses you.
The troll claws you but does no damage. The troll claws you!
You die...

#. ####### #..
##.#...##### #.#
##..........## #..#
#...#....#...# #
#..####..###...##...
..####........##....#...
........................
........%...........))..
.~~.~.~@...#####...))##.
~~~.~.n~T..# #......##
~~S.~.~~.~............##
~~S.~~~~~.............#
~SS(~~~~~..#####.......
.~~.~~~~...# #.......#
~~~.~~~~...# ##......#
~~..~.~~~..#


You could see a troll (extremely poisoned), a necrophage and 4 electric eels.

Vanquished Creatures
  A two-headed ogre (D:8)
  Maggie (D:7)
  A steam dragon (D:7)
  2 acid dragons (D:7)
  A water moccasin (D:7)
  A black bear (D:5)
  4 orc warriors
  2 ice beasts
  2 sky beasts
  2 ogres
  6 wolves (D:8)
  A centaur (D:8)
  3 necrophages
  A bullfrog (D:7)
  3 gnoll sergeants
  2 scorpions (D:7)
  An electric eel (D:8)
  3 howler monkeys
  4 hounds
  A gnoll bouda (D:5)
  3 orc priests
  2 jellies
  5 iguanas
  6 orc wizards
  8 mummies (Ossuary)
  21 gnolls
  11 adders
  A shadow imp (D:5)
  A white imp (D:6)
  An ufetubus (D:5)
  2 worms
  2 dart slugs
  30 orcs
  3 ball pythons
  5 endoplasms
  A giant cockroach (D:1)
  8 hobgoblins
  7 kobolds
  5 quokkas
  6 bats
  A frilled lizard (D:3)
  10 goblins
  2 hobgoblin zombies (Ossuary)
  2 kobold zombies (Ossuary)
  4 orc zombies (Ossuary)
  7 rats
196 creatures vanquished.

Vanquished Creatures (others)
  An orc wizard (D:7)
1 creature vanquished.

Grand Total: 197 creatures vanquished

Notes
Turn   | Place    | Note
-------+----------+-------------------------------------------
     0 | D:1      | qw the Minotaur Berserker began the quest for the Orb.
     0 | D:1      | Reached XP level 1. HP: 19/19 MP: 0/0
     0 | D:1      | 0 ||| qw: Version: 0.1-a-119-g272c26d
     0 | D:1      | 0 ||| qw: Game counter: 11205
     0 | D:1      | 0 ||| qw: Always use a shield: true
     0 | D:1      | 0 ||| qw: Do Orc after D:15 true
     0 | D:1      | 0 ||| qw: Do second Lair branch before Depths: true
     0 | D:1      | 0 ||| qw: Lair rune preference: random
     0 | D:1      | 0 ||| qw: Plans: Normal
     0 | D:1      | 0 ||| PLANNING D:1-11
   234 | D:1      | Reached skill level 4 in Axes
   458 | D:1      | Reached XP level 2. HP: 26/26 MP: 1/1
   507 | D:1      | 507 ||| INVOKING Berserk.
   616 | D:1      | 616 ||| DROPPING +0 club.
   727 | D:1      | Reached skill level 5 in Axes
   806 | D:1      | Reached XP level 3. HP: 30/31 MP: 2/2
   905 | D:1      | You fall into a shaft and drop 1 floor!
   942 | D:2      | 942 ||| Stepping ~*~*~tactically~*~*~ (stealth).
   950 | D:2      | 950 ||| Stepping ~*~*~tactically~*~*~ (stealth).
   951 | D:2      | 951 ||| Stepping ~*~*~tactically~*~*~ (stealth).
  1038 | D:2      | 1038 ||| Stepping ~*~*~tactically~*~*~ (stealth).
  1051 | D:2      | 1051 ||| INVOKING Berserk.
  1133 | D:2      | 1133 ||| Stepping ~*~*~tactically~*~*~ (stealth).
  1136 | D:2      | 1136 ||| Stepping ~*~*~tactically~*~*~ (stealth).
  1234 | D:2      | 1234 ||| Stepping ~*~*~tactically~*~*~ (stealth).
  1235 | D:2      | 1235 ||| Stepping ~*~*~tactically~*~*~ (stealth).
  1259 | D:2      | 1259 ||| Stepping ~*~*~tactically~*~*~ (stealth).
  1358 | D:2      | 1358 ||| UPGRADING to +0 scale mail.
  1368 | D:2      | 1368 ||| DROPPING +0 animal skin.
  1369 | D:2      | 1369 ||| UPGRADING to ring of protection from cold.
  1370 | D:2      | 1370 ||| READING scroll labelled MISTRA TOMEOZ.
  1502 | D:2      | 1502 ||| READING 2 scrolls labelled XOUZOR SUDUS.
  1503 | D:2      | 1503 ||| READING scroll labelled RUYBOT YFOTIS.
  1504 | D:2      | 1504 ||| READING scroll labelled ESCHYI QUDACZOT.
  1505 | D:2      | 1505 ||| READING scroll labelled ZUIMNU AMIUC.
  1734 | D:1      | 1734 ||| Stepping ~*~*~tactically~*~*~ (stealth).
  1744 | D:1      | Reached XP level 4. HP: 38/39 MP: 3/3
  1854 | D:1      | 1854 ||| DRINKING 2 fizzy yellow potions.
  1855 | D:1      | 1855 ||| DROPPING potion of degeneration.
  1923 | D:2      | Reached skill level 6 in Axes
  2326 | D:2      | Identified the +4 flail of the Forsaken Wishes {venom, Fly
                  | rC+ Str-2 Stlth+}
  2328 | D:2      | 2328 ||| DROPPING +0 whip.
  2375 | D:2      | 2375 ||| READING 2 scrolls of identify.
  2375 | D:2      | 2375 ||| IDENTIFYING bubbling emerald potion
  2416 | D:3      | 2416 ||| INVOKING Berserk.
  2564 | D:3      | 2564 ||| Stepping ~*~*~tactically~*~*~ (stealth).
  2576 | D:3      | 2576 ||| INVOKING Berserk.
  2577 | D:3      | 2577 ||| INVOKING Berserk.
  2579 | D:3      | Reached skill level 7 in Axes
  2579 | D:3      | Reached XP level 5. HP: 45/45 MP: 4/4
  2824 | D:3      | Found a transporter.
  2830 | D:3      | Noticed qw's ghost (amateur MiBe)
  2832 | D:3      | Noticed an ogre
  2835 | D:3      | Noticed an ogre
  2836 | D:3      | Noticed an ogre
  2856 | D:3      | Reached ** piety under Trog
  3012 | D:3      | 3012 ||| Stepping ~*~*~tactically~*~*~ (stealth).
  3013 | D:3      | 3013 ||| Stepping ~*~*~tactically~*~*~ (stealth).
  3022 | D:3      | Found a shimmering altar of Xom.
  3024 | D:3      | 3024 ||| Stepping ~*~*~tactically~*~*~ (stealth).
  3340 | D:3      | 3340 ||| INVOKING Berserk.
  3344 | D:3      | Reached skill level 1 in Throwing
  3550 | D:3      | Found a transporter.
  3619 | D:3      | 3619 ||| READING scroll labelled DISOGEKHL TUPEA.
  3620 | D:3      | 3620 ||| READING 2 scrolls labelled JOEREO NIDDUE.
  3621 | D:3      | 3621 ||| READING scroll labelled AGOZE SOERCH.
  3622 | D:3      | 3622 ||| READING scroll labelled JYZET TABA.
  3623 | D:3      | 3623 ||| READING 3 scrolls of identify.
  3623 | D:3      | 3623 ||| IDENTIFYING blue potion
  3624 | D:3      | 3624 ||| DROPPING scroll of amnesia.
  3694 | D:4      | 3694 ||| Stepping ~*~*~tactically~*~*~ (hiding).
  3698 | D:4      | 3698 ||| INVOKING Berserk.
  3716 | D:4      | 3716 ||| Stepping ~*~*~tactically~*~*~ (stealth).
  3717 | D:4      | 3717 ||| Stepping ~*~*~tactically~*~*~ (hiding).
  3723 | D:4      | Reached XP level 6. HP: 50/52 MP: 5/5
  3737 | D:4      | Reached skill level 8 in Axes
  3913 | D:4      | 3913 ||| Stepping ~*~*~tactically~*~*~ (stealth).
  3914 | D:4      | 3914 ||| Stepping ~*~*~tactically~*~*~ (stealth).
  3992 | D:4      | 3992 ||| Stepping ~*~*~tactically~*~*~ (stealth).
  3993 | D:4      | 3993 ||| Stepping ~*~*~tactically~*~*~ (stealth).
  4685 | D:4      | 4685 ||| UPGRADING to +0 chain mail.
  4695 | D:4      | 4695 ||| DROPPING +0 scale mail.
  4696 | D:4      | 4696 ||| UPGRADING to ring of see invisible.
  4697 | D:4      | 4697 ||| DRINKING 2 sapphire potions.
  4698 | D:4      | 4698 ||| READING 2 scrolls of identify.
  4698 | D:4      | 4698 ||| IDENTIFYING black potion
  4699 | D:4      | 4699 ||| DROPPING potion of flight.
  4721 | D:5      | Entered Level 5 of the Dungeon
  4779 | D:5      | 4779 ||| INVOKING Berserk.
  4781 | D:5      | Reached skill level 9 in Axes
  4950 | D:5      | 4950 ||| Stepping ~*~*~tactically~*~*~ (hiding).
  4955 | D:5      | 4955 ||| Stepping ~*~*~tactically~*~*~ (hiding).
  4958 | D:5      | 4958 ||| INVOKING Berserk.
  4972 | D:5      | 4972 ||| Stepping ~*~*~tactically~*~*~ (stealth).
  4976 | D:5      | 4976 ||| Stepping ~*~*~tactically~*~*~ (stealth).
  4986 | D:5      | 4986 ||| Stepping ~*~*~tactically~*~*~ (stealth).
  4989 | D:5      | 4989 ||| Stepping ~*~*~tactically~*~*~ (stealth).
  5104 | D:5      | 5104 ||| Stepping ~*~*~tactically~*~*~ (stealth).
  5105 | D:5      | 5105 ||| Stepping ~*~*~tactically~*~*~ (stealth).
  5106 | D:5      | 5106 ||| INVOKING Berserk.
  5112 | D:5      | Reached XP level 7. HP: 60/60 MP: 6/6
  5138 | D:5      | Reached skill level 3 in Armour
  5410 | D:5      | 5410 ||| Stepping ~*~*~tactically~*~*~ (hiding).
  5479 | D:5      | 5479 ||| SWAPPING to +2 war axe of venom.
  5480 | D:5      | 5480 ||| DROPPING +0 hand axe.
  5500 | D:5      | 5500 ||| INVOKING Berserk.
  5505 | D:5      | Reached skill level 10 in Axes
  5626 | D:5      | 5626 ||| Stepping ~*~*~tactically~*~*~ (hiding).
  5633 | D:5      | 5633 ||| INVOKING Berserk.
  5813 | D:5      | Found Nigighunoi's Distillery.
  5853 | D:5      | Reached XP level 8. HP: 61/70 MP: 7/7
  5859 | D:5      | Reached skill level 6 in Fighting
  5897 | D:5      | 5897 ||| BUYING potion of curing (36 gold).
  5897 | D:5      | Bought a potion of curing for 36 gold pieces
  5897 | D:5      | 5897 ||| BUYING potion of curing (36 gold).
  5897 | D:5      | Bought a potion of curing for 36 gold pieces
  5897 | D:5      | 5897 ||| BUYING potion of curing (36 gold).
  5897 | D:5      | Bought a potion of curing for 36 gold pieces
  5897 | D:5      | 5897 ||| BUYING potion of might (48 gold).
  5897 | D:5      | Bought a potion of might for 48 gold pieces
  6227 | D:5      | Found a staircase to the Ecumenical Temple.
  6236 | D:5      | Reached *** piety under Trog
  6348 | D:5      | 6348 ||| UPGRADING to +0 kite shield.
  6353 | D:5      | 6353 ||| UPGRADING to +1 hat.
  6358 | D:5      | 6358 ||| READING 2 scrolls of identify.
  6358 | D:5      | 6358 ||| IDENTIFYING yellow potion
  6359 | D:5      | 6359 ||| DROPPING potion of invisibility.
  6505 | D:6      | Reached skill level 1 in Shields
  6795 | D:6      | 6795 ||| INVOKING Berserk.
  6798 | D:6      | Reached skill level 3 in Shields
  6916 | D:6      | Found a shadowy altar of Dithmenos.
  7175 | D:6      | 7175 ||| READING scroll labelled HYRCHO NUAKIN.
  7203 | D:7      | Noticed Maggie
  7203 | D:7      | Found a sand-covered staircase.
  7204 | D:7      | 7204 ||| PLANNING OSSUARY
  7204 | D:7      | 7204 ||| STAIRDANCE
  7208 | D:7      | 7208 ||| STAIRDANCE
  7212 | D:7      | 7212 ||| STAIRDANCE
  7216 | D:7      | 7216 ||| STAIRDANCE
  7223 | D:7      | HP: 15/71 [Maggie/bolt of fire (24)]
  7224 | D:7      | 7224 ||| DRINKING potion of heal wounds.
  7226 | D:7      | Killed Maggie
  7227 | D:7      | Reached skill level 6 in Shields
  7227 | D:7      | 7227 ||| STAIRDANCE
  7360 | Ossuary  | Entered an ossuary
  7633 | Ossuary  | 7633 ||| READING 3 scrolls of identify.
  7633 | Ossuary  | 7633 ||| IDENTIFYING lumpy clear potion
  7634 | Ossuary  | 7634 ||| READING 2 scrolls of identify.
  7634 | Ossuary  | 7634 ||| IDENTIFYING grey potion
  7635 | Ossuary  | 7635 ||| DROPPING potion of lignification.
  7657 | D:7      | 7657 ||| PLANNING D:1-11
  7690 | D:7      | 7690 ||| INVOKING Berserk.
  7694 | D:7      | Reached XP level 9. HP: 77/77 MP: 8/8
  7714 | D:7      | 7714 ||| Stepping ~*~*~tactically~*~*~ (stealth).
  7840 | D:7      | Reached skill level 11 in Axes
  8098 | D:7      | 8098 ||| FLEEEEING.
  8099 | D:7      | 8099 ||| FLEEEEING.
  8100 | D:7      | 8100 ||| FLEEEEING.
  8101 | D:7      | 8101 ||| FLEEEEING.
  8102 | D:7      | 8102 ||| FLEEEEING.
  8103 | D:7      | 8103 ||| STAIRDANCE
  8193 | D:6      | 8193 ||| UPGRADING to +0 swamp dragon scales.
  8236 | D:7      | 8236 ||| INVOKING Berserk.
  8295 | D:7      | 8295 ||| Stepping ~*~*~tactically~*~*~ (stealth).
  8296 | D:7      | 8296 ||| Stepping ~*~*~tactically~*~*~ (stealth).
  8440 | D:7      | 8440 ||| Stepping ~*~*~tactically~*~*~ (hiding).
  8442 | D:7      | 8442 ||| INVOKING Berserk.
  8449 | D:7      | Reached skill level 12 in Axes
  8517 | D:7      | 8517 ||| INVOKING Berserk.
  8872 | D:7      | Found a runed translucent door.
  8873 | D:7      | Noticed Crazy Yiuf
  9094 | D:7      | 9094 ||| DROPPING +0 chain mail.
  9095 | D:7      | 9095 ||| UPGRADING to +0 plate armour.
  9105 | D:7      | 9105 ||| DROPPING +0 swamp dragon scales.
  9208 | D:8      | 9208 ||| Stepping ~*~*~tactically~*~*~ (hiding).
  9214 | D:8      | Noticed a two-headed ogre
  9215 | D:8      | 9215 ||| INVOKING Berserk.
  9220 | D:8      | Killed a two-headed ogre
  9221 | D:8      | Reached skill level 6 in Armour
  9392 | D:8      | 9392 ||| INVOKING Berserk.
  9399 | D:8      | Reached XP level 10. HP: 86/86 MP: 9/9
  9401 | D:8      | Reached skill level 9 in Shields
  9564 | D:8      | 9564 ||| Stepping ~*~*~tactically~*~*~ (hiding).
  9568 | D:8      | 9568 ||| Stepping ~*~*~tactically~*~*~ (stealth).
  9570 | D:8      | 9570 ||| Stepping ~*~*~tactically~*~*~ (hiding).
  9575 | D:8      | 9575 ||| Stepping ~*~*~tactically~*~*~ (hiding).
  9614 | D:8      | 9614 ||| INVOKING Berserk.
  9616 | D:8      | HP: 29/129 [electric eel/bolt of electricity (7)]
  9623 | D:8      | HP: 16/129 [electric eel/bolt of electricity (6)]
  9625 | D:8      | HP: 7/129 [electric eel/bolt of electricity (4)]
  9625 | D:8      | Slain by a troll

Levels and vault maps discovered:
D:1:      beargit_arrival_greenhouse, layout_loops_corners
D:2:      layout_loops_ring
D:3:      layout_loops_corners, mainiacjoe_overflow_concentric_impassable,
          gammafunk_ghost_smash, hangedman_decor_clover_reticule
D:4:      layout_basic, hangedman_glass_teeth
D:5:      layout_loops_ring, minmay_temple_entry_fiery, minivault_19,
          corexii_hall_statues_x, minivault_24, kennysheep_windowed_goal
D:6:      layout_basic, nicolae_dithmenos_the_darkroom, minmay_holes
D:7:      layout_cave_pods, enter_bailey_2, nicolae_ossuary_entry_monument,
          uniq_maggie, uniq_crazy_yiuf_cottage
D:8:      layout_layer_cave, mainiacjoe_overflow_large_starburst,
          erik_lair_island

Skill      XL: |  1  2  3  4  5  6  7  8  9 10 |
---------------+-------------------------------+-----
Axes           | 4 5 7 9 10 12 | 12.8
Fighting       | 4 5 6 7 |  7.3
Throwing       | 1 2 |  2.1
Armour         | 3 6 |  6.4
Shields        | 7 8 9 |  9.1
Dodging        | |  2.1

Action                   |  1- 3 |  4- 6 |  7- 9 | 10-12 || total
-------------------------+-------+-------+-------+-------++-------
Melee: Hand axe          |    64 |   116 |    41 |       ||   221
       Headbutt          |    10 |    13 |    30 |     6 ||    59
       Punch             |     1 |       |       |       ||     1
       War axe           |       |       |   153 |    29 ||   182
Throw: Javelin           |       |    17 |    26 |     1 ||    44
Invok: Berserk           |     2 |     7 |     9 |     1 ||    19
  Use: Scroll            |     5 |     7 |     4 |       ||    16
       Potion            |       |     2 |     1 |       ||     3
Armor: Animal skin       |     6 |       |       |       ||     6
       Scale mail        |     1 |    43 |       |       ||    44
       Chain mail        |       |     3 |    39 |       ||    42
       Swamp dragon scal |       |       |     7 |       ||     7
       Plate armour      |       |       |     5 |    10 ||    15
Dodge: Dodged            |    28 |    47 |    43 |    13 ||   131
Block: Kite shield       |       |       |    30 |    16 ||    46

Table legend:
 A = Non-vault XP
 B = Vault XP
 C = Vault XP percentage of total XP
 D = Non-vault monster count
 E = Vault monster count
 F = Vault count percentage of total count
                 A         B        C        D         E       F
            +---------+---------+-------+---------+---------+-------
      Total |    5291 |    1467 |  21.7 |     169 |      27 |  13.8
            +---------+---------+-------+---------+---------+-------
        D:1 |      50 |       0 |   0.0 |      23 |       0 |   0.0
        D:2 |      69 |       0 |   0.0 |      17 |       0 |   0.0
        D:3 |     206 |       0 |   0.0 |      25 |       0 |   0.0
        D:4 |     245 |       0 |   0.0 |      17 |       0 |   0.0
        D:5 |    1089 |     164 |  13.1 |      38 |       3 |   7.3
        D:6 |     267 |       0 |   0.0 |       9 |       0 |   0.0
        D:7 |    1793 |     404 |  18.4 |      24 |       1 |   4.0
        D:8 |    1572 |     747 |  32.2 |      16 |       7 |  30.4
    Ossuary |       0 |     152 | 100.0 |       0 |      16 | 100.0
            +---------+---------+-------+---------+---------+-------
